AoeStats
← 文風

MegaRandom

506076263Analyzed
1v1 RM · 19d ago on Sep 12, 2026· 60m 6s· 2 players
Game mode
Random Map
Map size
Tiny (2 player)
Population
200
Speed
Normal
Resources
Standard
Victory
Conquest
Starting age
Dark Age
Ending age
Imperial Age
RankedLock teamsTeams togetherTeam positionsShared explorationLock speedFull tech treeHidden civsTurbo modeCheats
Victory
Defeat
🇭🇰 Spanish · Hong Kong SAR China
1392
+16
🇹🇼 Persians · Taiwan
1395
-16
文風
5:50 Loom
10:48 Feudal Age
12:08 Double-Bit Axe
18:35 Fletching
28:47 Castle Age
29:47 Bow Saw
31:17 Gold Mining
31:51 Horse Collar
33:33 Wheelbarrow
40:01 Imperial Age
46:19 Padded Archer Armor
48:30 Ballistics
49:12 Chemistry
48:32 Leather Archer Armor
48:12 Bodkin Arrow
48:18 Scale Mail Armor
48:29 Forging
48:25 Scale Barding Armor
48:23 Husbandry
48:34 Bloodlines
49:43 Ring Archer Armor
48:43 Cavalier
50:55 Medium Warships
50:41 Elite Conquistador
52:18 Conscription
59:59 Spies/Treason
TW_KA
5:06 Loom
25:48 Feudal Age
28:47 Double-Bit Axe
29:03 Horse Collar
30:55 Fishing Lines
34:22 Castle Age
35:16 Scale Barding Armor
35:22 Forging
37:55 Castle Age
36:00 Gold Mining
42:42 Chain Barding Armor
43:00 Iron Casting
43:39 Wheelbarrow
44:17 Bow Saw
46:59 Husbandry
48:50 Bloodlines
Connection lost

Rejoining the realm…

Still unreachable

The connection could not be restored.

Session expired

The server has moved on; the page needs a fresh start.